 Dungeon Crawl Stone Soup version 0.20.0-7-g3b7b877 (webtiles) character file.

364 Rrauwl the Cudgeler (level 6, -1/57 HPs)
             Began as a Troll Wanderer on May 29, 2017.
             Slain by an ogre
             ... wielding a cursed -3 giant club
              (14 damage)
             ... on level 4 of the Dungeon.
             The game lasted 00:07:40 (2712 turns).

Rrauwl the Cudgeler (Troll Wanderer)                Turns: 2712, Time: 00:07:41

Health: -1/57      AC:  5    Str: 21    XL:     6   Next: 39%
Magic:  5/5        EV:  7    Int:  9    God:
Gold:   206        SH:  7    Dex: 10    Spells: 5/5 levels left

rFire    . . .     SeeInvis .   (no weapon)
rCold    . . .     Gourm    +   n - +0 shield
rNeg     . . .     Faith    .   d - +0 robe
rPois    .         Spirit   .   (helmet restricted)
rElec    .         Reflect  .   (no cloak)
rCorr    .         Harm     .   (gloves unavailable)
MR       .....                  (boots unavailable)
Stlth    +.........             i - amulet of magic regeneration
Regen    0.6/turn               (no ring)
MPRegen  0.2/turn               (no ring)

@: drained
A: unfitting armour, claws 3, fast metabolism 3, gourmand, regeneration 1,
shaggy fur 1, tough skin 2
a: no special abilities


You were on level 4 of the Dungeon.
You were completely stuffed.

You visited 1 branch of the dungeon, and saw 4 of its levels.

You collected 206 gold pieces.

Inventory:

Hand Weapons
 a - a +0 club
 b - a +0 hunting sling
Missiles
 p - 105 stones (quivered)
Armour
 d - a +0 robe (worn)
 n - a +0 shield (worn)
Jewellery
 i - an amulet of magic regeneration (around neck)
Scrolls
 k - a scroll of teleportation
 m - a scroll of immolation
 o - 2 scrolls of identify
 q - 2 scrolls of magic mapping
Potions
 e - a potion of haste
 j - 2 potions of flight
 r - a potion of curing
Books
 c - the Incunabulum of the Compass

   Spells                             Type                      Level
   a - Apportation                    Translocation                1
   b - Gell's Gravitas                Translocation                3
Comestibles
 f - 5 bread rations
 g - 8 fruits
 h - 3 meat rations
 l - a royal jelly


   Skills:
 - Level 2.0(1.7) Fighting
   Level 1.0(2.0) Axes
 + Level 3.6(3.4) Maces & Flails
 - Level 1.0(0.7) Throwing
 - Level 3.0(2.7) Armour
 - Level 3.0(2.7) Dodging
 - Level 1.0(0.7) Shields
   Level 1.3(1.1) Translocations
   Level 1.0(0.7) Ice Magic


You had 5 spell levels left.
You didn't know any spells.

Dungeon Overview and Level Annotations

Branches:
Dungeon (4/15)
 Temple: D:4-7

Altars:
Nemelex Xobeh


Innate Abilities, Weirdness & Mutations

You are too large for most types of armour.
You have claws for hands.
Your metabolism is lightning-fast.
You like to eat raw meat.
Your natural rate of healing is unusually fast.
You are covered in fur. (AC +1)
You have very tough skin. (AC +2)


Message History

You block the quokka skeleton's attack.
You claw the quokka skeleton!
You destroy the quokka skeleton!
The ogre shouts!
You scratch the ogre.
The ogre is lightly wounded.
The ogre hits you with a giant club!
You barely miss the ogre.
The ogre is lightly wounded.
The ogre barely misses you.
You scratch the ogre.
The ogre is lightly wounded.
Your shield prevents you from hitting the ogre.
The ogre is lightly wounded.
The ogre hits you with a giant club!!
* * * LOW HITPOINT WARNING * * *
You scratch the ogre.
The ogre is moderately wounded.
The ogre hits you with a giant club!
You die...

###############
#..............
#..............
#..............
#..............
#......O.......
.####+#[..@!......
...........$.....#
#####..#..####.##
#..#..## #..#...#
#..##....
#..#<#.###
#..#.#.# #..#.#.#


You could see an ogre.

Vanquished Creatures
  Sigmund (D:3)
  A scorpion (D:4)
  An orc priest (D:3)
  An orc wizard (D:3)
  2 adders (D:2)
  An ooze (D:2)
  A worm (D:2)
  A dart slug (D:2)
  2 leopard geckos (D:3)
  12 orcs
  A ball python (D:2)
  4 giant cockroaches
  7 hobgoblins
  6 jackals (D:2)
  6 bats
  A frilled lizard (D:1)
  12 goblins
  11 kobolds
  A quokka skeleton (D:4)
  8 rats
80 creatures vanquished.

Notes
Turn   | Place    | Note
-------+----------+-------------------------------------------
     0 | D:1      | Rrauwl the Troll Wanderer began the quest for the Orb.
     0 | D:1      | Rrauwl set off with: a +0 shield, a +0 hand axe, the Incunabulum of the Compass, a +0 robe, 2 bread rations
     0 | D:1      | Reached XP level 1. HP: 19/19 MP: 0/0
   194 | D:1      | Reached XP level 2. HP: 27/27 MP: 1/1
   874 | D:2      | Found a sparkling altar of Nemelex Xobeh.
   951 | D:2      | Reached XP level 3. HP: 32/35 MP: 2/2
  1029 | D:2      | Reached skill level 1 in Armour
  1304 | D:2      | Reached XP level 4. HP: 32/42 MP: 3/3
  1462 | D:2      | Reached skill level 1 in Maces & Flails
  2017 | D:3      | Noticed Sigmund
  2030 | D:3      | Killed Sigmund
  2030 | D:3      | Reached XP level 5. HP: 26/49 MP: 4/4
  2070 | D:3      | Reached XP level 6. HP: 18/57 MP: 5/5
  2712 | D:4      | Slain by an ogre

Skill      XL: |  1  2  3  4  5  6 |
---------------+-------------------+-----
Dodging        | 3 |  3.0
Fighting       | 2 |  2.0
Armour         | 1 2 3 |  3.0
Maces & Flails | 2 3 |  3.6
Axes           | |  1.0
Throwing       | |  1.0
Shields        | |  1.0
Translocations | |  1.3
Ice Magic      | |  1.0

Action                   |  1- 3 |  4- 6 || total
-------------------------+-------+-------++-------
Melee: Hand axe          |    77 |       ||    77
       Unarmed           |    86 |   140 ||   226
       Club              |    33 |    26 ||    59
  Use: Potion            |     2 |     5 ||     7
       Scroll            |     3 |     3 ||     6
  Eat: Chunk             |    18 |    13 ||    31
Armor: Robe              |   107 |    48 ||   155
Dodge: Dodged            |    74 |    44 ||   118
Block: Shield            |    84 |    46 ||   130
